 Dungeon Crawl Stone Soup version 0.29.1-15-g9cfb28693d (webtiles) character file.

Game seed: 2995408045139411911

478 BuddhaDhamma the Cleaver (level 6, -2/51 HPs)
             Began as a Minotaur Berserker on Feb 25, 2023.
             Was a Priest of Trog.
             Slain by an ogre
             ... wielding a +0 giant club
              (22 damage)
             ... on level 4 of the Dungeon.
             The game lasted 00:11:13 (3214 turns).

BuddhaDhamma the Cleaver (Minotaur Berserker)       Turns: 3214, Time: 00:11:13

Health: -2/51      AC: 13    Str: 24    XL:     6   Next: 85%
Magic:  5/5        EV:  7    Int:  4    God:    Trog [***...]
Gold:   126        SH:  0    Dex: 15    Spells: 5/5 levels left

rFire   . . .      SeeInvis .   a - +0 hand axe
rCold   . . .      Faith    +   (no shield)
rNeg    . . .      Spirit   .   i - +0 plate armour
rPois   +          Reflect  .   (helmet restricted)
rElec   .          Harm     .   f - +0 cloak {rPois}
rCorr   .          Rampage  .   (no gloves)
Will    ++...                   q - +0 pair of boots
Stlth   ..........              p - amulet of faith
HPRegen 1.17/turn               n - +6 ring of dexterity
MPRegen 0.09/turn               (no ring)

@: strong-willed, regenerating
A: horns 2, retaliatory headbutt
a: Renounce Religion, Berserk, Trog's Hand


You were on level 4 of the Dungeon.
You worshipped Trog.
Trog was most pleased with you.
You visited 1 branch of the dungeon, and saw 4 of its levels.

You collected 126 gold pieces.

Inventory:

Hand Weapons
 a - a +0 hand axe (weapon)
Missiles
 k - 19 stones (quivered)
Armour
 f - a +0 cloak of poison resistance (worn)
 i - a +0 plate armour (worn)
 q - a +0 pair of boots (worn)
Jewellery
 n - a +6 ring of dexterity (left hand)
 p - an amulet of faith (around neck)
 r - a ring of magical power
Scrolls
 b - a scroll of magic mapping
 h - 2 scrolls of poison
Potions
 c - 2 potions of heal wounds {unknown}
 d - a potion of degeneration {unknown}
 e - a potion of berserk rage {unknown}
 g - a potion of curing {unknown}
 j - 2 potions of might
 l - a potion of ambrosia {unknown}
 m - 3 potions of haste
 o - a potion of experience {unknown}
 s - a potion of cancellation {unknown}


   Skills:
 - Level 3.6 Fighting
 + Level 9.4 Axes
 - Level 2.4 Armour
 - Level 2.1 Dodging


You had 5 spell levels left.
You didn't know any spells.
Your spell library was empty.

Dungeon Overview and Level Annotations

Branches:
Dungeon (4/15)             Temple (0/1) D:4

Altars:
Dithmenos
Okawaru
Qazlal
The Shining One

Shops:
D:4 [


Innate Abilities, Weirdness & Mutations

You have a pair of horns on your head.
You reflexively headbutt those who attack you in melee.


Message History

Press: ? - help, Q - select action, (/) - cycle Shift-Dir - straight line, f - you Really target yourself?
Okay, then.
A kobold is nearby!
Throw: 21 stones
Press: ? - help, Q - select action, (/) - cycle Shift-Dir - straight line, f - kobold
Aim: a kobold, wielding a +0 whip (moderately wounded, 51% to hit)
You throw a stone.
The stone hits the kobold but does no damage.
The kobold is moderately wounded.
Throw: 20 stones
Press: ? - help, Q - select action, (/) - cycle Shift-Dir - straight line, f/p - kobold
Aim: a kobold, wielding a +0 whip (51% to hit)
You throw a stone. The stone closely misses the kobold.
You hit the kobold but do no damage. Your headbutt misses the kobold.
Your punch misses the kobold. You hit the kobold.
You kill the kobold!
Trog accepts your kill.
Things that are here:
a +0 club; 3 poisoned darts
Found a ring mail.
An ogre comes into view. It is wielding a +0 giant club.
The ogre shouts!
The ogre hits you with a +0 giant club!
You hit the ogre. You headbutt the ogre.
The ogre is moderately wounded.
The ogre hits you with a +0 giant club.
You barely miss the ogre.
The ogre is moderately wounded.
You hit the ogre but do no damage. You headbutt the ogre.
The ogre is moderately wounded.
The ogre hits you with a +0 giant club!!
You are too injured to fight recklessly!
Your skin crawls.
You feel strong-willed.
You barely miss the ogre. You headbutt the ogre!
The ogre is severely wounded.
The ogre hits you with a +0 giant club!!
You die...

*....##..####..#.####
*..#.,#..#..#..#.#
*..#,,####..#....#
*,,*,,#..#..#..[.#
*,,***#..#.....###
*,,#,,#..#.....#
*,,#.,#.....####
#..#..#.....#
#.....O@.####
#.....#### #####**


You could see an ogre.

Vanquished Creatures
  Blork the orc (D:4)
  2 necrophages (D:4)
  A gnoll bouda (D:3)
  An orc priest (D:3)
  A jelly (D:4)
  Jessica (D:2)
  Robin (D:2)
  3 adders
  4 gnolls (D:3)
  A white imp (D:4)
  A worm (D:3)
  4 dart slugs
  2 orcs (D:3)
  4 bats (D:1)
  4 endoplasms
  3 giant cockroaches
  19 goblins
  6 hobgoblins
  2 jackals (D:1)
  6 kobolds
  4 quokkas
  6 ball pythons
  A frilled lizard (D:1)
  7 rats
85 creatures vanquished.

Notes
Turn   | Place    | Note
-------+----------+-------------------------------------------
     0 | D:1      | BuddhaDhamma the Minotaur Berserker began the quest for the
                  | Orb.
     0 | D:1      | Reached XP level 1. HP: 19/19 MP: 0/0
    53 | D:1      | Reached skill level 4 in Axes
   231 | D:1      | Reached XP level 2. HP: 23/26 MP: 1/1
   694 | D:1      | Reached skill level 5 in Axes
   812 | D:1      | Reached XP level 3. HP: 25/31 MP: 2/2
  1074 | D:1      | Found a shadowy altar of Dithmenos.
  1286 | D:2      | Noticed Robin
  1292 | D:2      | Reached ** piety under Trog
  1298 | D:2      | Killed Robin
  1299 | D:2      | Reached skill level 6 in Axes
  1299 | D:2      | Reached XP level 4. HP: 39/39 MP: 3/3
  1447 | D:2      | Found a faded altar of an unknown god.
  1574 | D:2      | Noticed Jessica
  1582 | D:2      | Killed Jessica
  2152 | D:3      | Found an iron altar of Okawaru.
  2264 | D:3      | Reached skill level 7 in Axes
  2264 | D:3      | Reached XP level 5. HP: 33/45 MP: 4/4
  2745 | D:3      | Found a stormy altar of Qazlal.
  2843 | D:4      | Found Coophoch's Armour Shoppe.
  2874 | D:4      | Reached skill level 8 in Axes
  2874 | D:4      | Reached XP level 6. HP: 50/51 MP: 5/5
  2890 | D:4      | Found a glowing golden altar of the Shining One.
  2979 | D:4      | Found a staircase to the Ecumenical Temple.
  3012 | D:4      | Noticed Blork the orc
  3022 | D:4      | Killed Blork the orc
  3022 | D:4      | Reached *** piety under Trog
  3023 | D:4      | Reached skill level 9 in Axes
  3214 | D:4      | Slain by an ogre

Illustrated notes

Levels and vault maps discovered:
D:1:      dpeg_arrival_water_altar, layout_basic, minmay_surrounded
D:2:      layout_loops_ring, ebering_ecumenical_altar_webs,
          kennysheep_jessica_study, uniq_robin
D:3:      layout_loops_cross, nicolae_overflow_crystal_walls,
          mainiacjoe_overflow_tiny_flanked
D:4:      layout_rooms, tso_metal_star, tgw_xom,
          minmay_temple_entry_sparse_star, serial_shops, shop,
          hangedman_abyss_or_decor_stagger, uniq_blork_the_orc

Skill      XL: |  1  2  3  4  5  6 |
---------------+-------------------+-----
Axes           | 4 5 6 7 8 9 |  9.4
Fighting       | |  3.6
Armour         | |  2.4
Dodging        | |  2.1

Action                   |  1- 3 |  4- 6 || total
-------------------------+-------+-------++-------
Melee: Hand axe          |    64 |   106 ||   170
       Headbutt          |     6 |    21 ||    27
       Punch             |       |     1 ||     1
Throw: Stone             |       |    13 ||    13
Invok: Berserk           |     1 |     1 ||     2
       Trog's Hand       |       |     3 ||     3
  Use: Scroll            |       |     5 ||     5
Armor: Animal skin       |     7 |       ||     7
       Chain mail        |     9 |       ||     9
       Plate armour      |     9 |    63 ||    72
Dodge: Dodged            |    32 |    36 ||    68
